 Dungeon Crawl Stone Soup version 0.28-a0-991-g956f0ee3d5 (webtiles) character file.

Game seed: 11407195868928389793

268 MacCMillion the Chiller (level 6, -3/47 HPs)
             Began as a Merfolk Ice Elementalist on Dec 5, 2021.
             Slain by a mummy (12 damage)
             ... in an ossuary.
             The game lasted 00:14:58 (3959 turns).

MacCMillion the Chiller (Merfolk Ice Elementalist)  Turns: 3959, Time: 00:14:58

Health: -3/47      AC:  9    Str:  9    XL:     6   Next: 21%
Magic:  0/9        EV: 13    Int: 16    God:
Gold:   157        SH:  0    Dex: 16    Spells: 2/9 levels left

rFire   . . .      SeeInvis .   d - +0 dagger
rCold   . . .      Faith    .   (no shield)
rNeg    . . .      Spirit   .   a - +0 robe
rPois   .          Reflect  .   (helmet restricted)
rElec   .          Harm     .   (no cloak)
rCorr   .          Rampage  .   g - +0 pair of gloves
Will    .....                   (no boots)
Stlth   ++........              (no amulet)
HPRegen 0.15/turn               (no ring)
MPRegen 0.11/turn               (no ring)

@: ice-armoured, flying
A: (nimble swimmer 2), mertail, antennae 1, agile 1
a: no special abilities


You were in an ossuary.
You visited 1 branch of the dungeon, and saw 4 of its levels.
You also visited: Ossuary.

You collected 157 gold pieces.

Inventory:

Hand Weapons
 d - a +0 dagger (weapon)
Armour
 a - a +0 robe (worn)
 g - a +0 pair of gloves (worn)
Scrolls
 f - a scroll of teleportation {unknown}
 k - 2 scrolls of identify {unknown}


   Skills:
 * Level 3.6 Fighting
 - Level 2.6 Dodging
 - Level 2.1 Stealth
 - Level 2.0 Spellcasting
 - Level 7.0 Ice Magic


You had 2 spell levels left.
You knew the following spells:

 Your Spells              Type           Power      Damage    Failure   Level
a - Freeze                Ice            96%        1d11      1%          1
b - Frozen Ramparts       Ice            48%        1d6       3%          3
c - Ozocubu's Armour      Ice            24%        N/A       3%          3

Your spell library contained the following spells:

 Spells                   Type           Power      Damage    Failure   Level
 Hailstorm                Conj/Ice       12%        3d5       43%         4


Dungeon Overview and Level Annotations

Branches:
Dungeon (4/15)            Ossuary (1/1)
 Temple: D:4-7

Altars:
The Shining One

Shops:
D:2 *

Annotations:
D:3 Grinder


Innate Abilities, Weirdness & Mutations

((You are quick and stealthy near water. (Stealth+, EV+, Speed+++)))
Your lower body shifts to a powerful aquatic tail in water.
You have a pair of small antennae on your head.
You are agile. (Dex +2)


Message History

The elf zombie is heavily damaged.
The elf zombie hits you.
* * * LOW HITPOINT WARNING * * *
Unknown command.
You hit the elf zombie.
The elf zombie is severely damaged.
The elf zombie hits you.
* * * LOW HITPOINT WARNING * * *
Unknown command.
Your icy armour will break if you move.
Continue?
Your icy armour cracks and falls away as you move.
The elf zombie hits you.
* * * LOW HITPOINT WARNING * * *
Casting: Ozocubu's Armour (dangerous; 3% risk of failure)
Confirm with . or Enter, or press ? or * to list all spells.
A film of ice covers your body!
You are too injured to fight recklessly!
You are too injured to fight recklessly!
You are too injured to fight recklessly!
It was a potion of mutation.
You feel extremely strange. A pair of antennae grows on your head!
You feel agile. The elf zombie closely misses you.
Unknown command.
It was a potion of flight.
You feel very buoyant.
You fly up into the air.
The elf zombie hits you but does no damage.
Unknown command.
You hit the elf zombie.
The elf zombie is severely damaged.
You hit the mummy but do no damage.
The mummy is severely damaged.
Unknown command.
You hit the mummy but do no damage.
The mummy is severely damaged.
Unknown command.
You hit the mummy.
The mummy is severely damaged.
The mummy hits you!
You die...

#..............Z.....#
#...######.Z######...#
#...# #..# ..#...#
#...# #..# #.#...#
#.Z.#.####..####Z#...#
#...#......ZZM..Z#...#
#...#......Z####Z#...#
#...#.......#..#M#...#
#..Z#.......#..@.#...#
#...#.....∩.######Z..#
#.ZZ####+.... #...#
#...# #...# #...#
#...# #...# #...#
#...##############...#
#........Z..Z.Z..Z...#
#....Z...Z∩∩Z...Z....#
######################


You could see a mummy, a goblin zombie, an orc zombie and an elf zombie.

Vanquished Creatures
  A kobold brigand (D:3)
  A centaur zombie (Ossuary)
  A human zombie (Ossuary)
  A mummy (Ossuary)
  A hound skeleton (D:2)
  2 adders (D:2)
  2 adder zombies (Ossuary)
  3 worms
  2 dart slugs (D:2)
  An orc (D:3)
  4 ball pythons
  2 bats
  6 endoplasms
  A giant cockroach (D:1)
  4 goblins
  6 hobgoblins
  3 jackals (D:1)
  6 kobolds
  A quokka (D:1)
  5 frilled lizards
  10 hobgoblin zombies (Ossuary)
  A jackal zombie (Ossuary)
  7 kobold zombies (Ossuary)
  8 orc zombies (Ossuary)
  9 rats
  A rat zombie (Ossuary)
89 creatures vanquished.

Notes
Turn   | Place    | Note
-------+----------+-------------------------------------------
     0 | D:1      | MacCMillion the Merfolk Ice Elementalist began the quest
                  | for the Orb.
     0 | D:1      | Reached XP level 1. HP: 13/13 MP: 3/3
   115 | D:1      | Reached XP level 2. HP: 6/19 MP: 0/5
   442 | D:1      | Reached skill level 5 in Ice Magic
  1072 | D:1      | Reached XP level 3. HP: 24/24 MP: 4/6
  1463 | D:2      | Learned a level 3 spell: Frozen Ramparts
  1691 | D:2      | Reached skill level 6 in Ice Magic
  1792 | D:2      | Reached XP level 4. HP: 17/30 MP: 1/7
  1796 | D:2      | Learned a level 3 spell: Ozocubu's Armour
  2007 | D:2      | Found Ysijo Ahu's Assorted Antiques.
  2673 | D:3      | Noticed a kobold brigand
  2679 | D:3      | Killed a kobold brigand
  2680 | D:3      | Reached skill level 7 in Ice Magic
  2680 | D:3      | Reached skill level 1 in Fighting
  2680 | D:3      | Reached XP level 5. HP: 34/37 MP: 0/8
  2945 | D:3      | Noticed Grinder
  2951 | D:3      | Paralysed by Grinder for 6 turns
  3143 | D:3      | Found a glowing golden altar of the Shining One.
  3229 | D:4      | Found a sand-covered staircase.
  3248 | Ossuary  | Entered an ossuary
  3872 | Ossuary  | Reached XP level 6. HP: 11/46 MP: 6/9
  3954 | Ossuary  | Gained mutation: You have a pair of small antennae on your
                  | head. [potion of mutation]
  3954 | Ossuary  | Gained mutation: You are agile. (Dex +2) [potion of
                  | mutation]
  3959 | Ossuary  | Slain by a mummy

Illustrated notes

Levels and vault maps discovered:
D:1:      onia_arrival_handbag, layout_basic, palyth_stone_intersect
D:2:      layout_loops_ring, serial_shops, shop
D:3:      layout_rooms, nicolae_overflow_crystal_walls, basic_ecumenical_altar,
          uniq_grinder
D:4:      layout_basic, chequers_ossuary_entry_cave
Ossuary:  ossuary_tomb_1

Skill      XL: |  1  2  3  4  5  6 |
---------------+-------------------+-----
Ice Magic      | 5 6 7 |  7.0
Fighting       | 1 2 3 |  3.6
Dodging        | |  2.6
Stealth        | |  2.1
Spellcasting   | |  2.0

Action                   |  1- 3 |  4- 6 || total
-------------------------+-------+-------++-------
Melee: Unarmed           |    19 |       ||    19
       Dagger            |    28 |   289 ||   317
 Cast: Freeze            |    39 |    35 ||    74
       Frozen Ramparts   |     3 |     2 ||     5
       Ozocubu's Armour  |       |    18 ||    18
  Use: Potion            |       |     5 ||     5
       Scroll            |       |     2 ||     2
 Stab: Sleeping          |     2 |       ||     2
Armor: Robe              |    25 |   161 ||   186
Dodge: Dodged            |    68 |   218 ||   286

Table legend: (Time is in decaauts)
 A = Elapsed time spent in this place.
 B = Non-inter-level travel time spent in this place.
 C = Inter-level travel time spent in this place.
 D = Time resting spent in this place.
 E = Time spent auto-exploring this place.
 F = Levels seen in this place.
 G = Mean time per level.
                   A        B        C        D        E       F      G
               +--------+--------+--------+--------+--------+-----+--------+
         Total |   3958 |   3839 |    119 |    684 |   2051 |   5 |  791.6 |
       Dungeon |   3247 |   3128 |    119 |    481 |   2027 |   4 |  811.8 |
       Ossuary |    710 |    710 |      0 |    203 |     24 |   1 |  710.0 |
               +--------+--------+--------+--------+--------+-----+--------+

Top non-repeatable levels by time:
     D:1: 1452 daAuts
     D:2: 1325 daAuts
 Ossuary: 710 daAuts
     D:3: 423 daAuts
     D:4: 46 daAuts
